 Seeded DCSS version 0.29-a0-802-g34511f41fd (webtiles) character file.

Game seed: 20220703 (custom seed)

46 a11behringer the Cudgeller (level 3, -4/34 HPs)
             Began as a Gargoyle Berserker on July 3, 2022.
             Was a Follower of Trog.
             Killed by nerve-wracking pain
             ... invoked by an orc priest
              (5 damage)
             ... on level 3 of the Dungeon.
             The game lasted 00:03:33 (1799 turns).

a11behringer the Cudgeller (Gargoyle Berserker)     Turns: 1799, Time: 00:03:33

Health: -4/34      AC:  8    Str: 22    XL:     3   Next: 68%
Magic:  3/3        EV: 10    Int:  7    God:    Trog [*.....]
Gold:   32         SH:  7    Dex:  9    Spells: 2/2 levels left

rFire   . . .      SeeInvis .   v - +0 flail
rCold   . . .      Faith    .   q - +0 buckler
rNeg    + . .      Spirit   .   c - +0 ring mail
rPois   ∞          Reflect  +   (no helmet)
rElec   +          Harm     .   (no cloak)
rCorr   .          Rampage  .   (no gloves)
Will    .....                   (no boots)
Stlth   ..........              w - amulet of reflection
HPRegen 0.11/turn               (no ring)
MPRegen 0.08/turn               (no ring)

@: berserking, very quick
A: sickness immunity, AC +3, negative energy resistance 1, electricity
resistance, torment resistance 1, petrification resistance
a: Renounce Religion, Berserk


You were on level 3 of the Dungeon.
You worshipped Trog.
Trog was aware of your devotion.
You visited 1 branch of the dungeon, and saw 3 of its levels.

You collected 32 gold pieces.

Inventory:

Hand Weapons
 a - a +0 mace
 e - a +0 sling
 v - a +0 flail (weapon)
Armour
 b - a +0 animal skin
 c - a +0 ring mail (worn)
 g - a +0 crystal plate armour
 i - a scarf of shadows
 q - a +0 buckler (worn)
Jewellery
 w - an amulet of reflection (around neck)
Scrolls
 d - a scroll of torment {unknown}
 h - 2 scrolls of identify {unknown}
 k - a scroll of poison {unknown}
 l - 2 scrolls of teleportation {unknown}
 n - a scroll of summoning {unknown}
 o - a scroll of fear {unknown}
 r - a scroll of enchant armour {unknown}
Potions
 f - a potion of berserk rage {unknown}
 j - a potion of invisibility {unknown}
 m - 2 potions of attraction {unknown}
 p - a potion of flight {unknown}
 s - a potion of cancellation {unknown}
 t - a potion of mutation {unknown}
 u - a potion of degeneration {unknown}
 x - a potion of might {unknown}


   Skills:
 + Level 3.5 Fighting
 * Level 4.1 Maces & Flails
 * Level 2.6 Armour
 + Level 1.6 Dodging


You had 2 spell levels left.
You didn't know any spells.
Your spell library was empty.

Dungeon Overview and Level Annotations

Branches:
Dungeon (3/15)

Altars:
Makhleb


Innate Abilities, Weirdness & Mutations

You are immune to sickness and miasma.
Your stone body is resilient. (AC +3)
You are immune to poison.
You resist negative energy. (rN+)
You are resistant to electric shocks. (rElec)
You are resistant to unholy torment.
You are immune to petrification.


Message History

The orc priest calls down the wrath of Beogh upon you.
Beogh smites you!
Ouch! That really hurt!
The hobgoblin barely misses you.
You are too injured to fight recklessly!
You are too injured to fight recklessly!
You are too injured to fight recklessly!
You are too injured to fight recklessly!
A red film seems to cover your vision as you go berserk!
You feel yourself moving faster!
You feel mighty! You block the hobgoblin's attack.
You bludgeon the hobgoblin!!
You kill the hobgoblin!
Trog accepts your kill.
The orc priest mumbles some strange prayers to Beogh against you.
Beogh smites you!
* * * LOW HITPOINT WARNING * * *
You barely miss the orc. You block the orc's attack.
You barely miss the orc. You completely miss the orc. You closely miss the orc.
You sock the orc!
You feel the power of Trog in you as your rage grows.
You kill the orc!
Trog accepts your kill.
You closely miss the orc. The orc misses you.
You barely miss the orc. The orc hits you with a +0 dagger.
* * * LOW HITPOINT WARNING * * *
You closely miss the orc. The orc hits you but does no damage.
You hit the orc.
The orc is lightly wounded.
You barely miss the orc.
The orc is lightly wounded.
The orc hits you but does no damage.
You sock the orc!
You kill the orc!
Trog accepts your kill.
The orc priest invokes the aid of Beogh against you.
Pain shoots through your body!
You die...

#.. ## #..... #.##.#
#.##.# #.##.# ..#.#[.
##.##.#
.>#.#.######...#.#
..#.#.##.........#
..#.#.##.###...#@#
......##.# ##.##)#
...#..##.## #.##o#
.....##...###.#.o.
...................
.....##...###.......
.........## .........
.##.................##
########.#####.....##


You could see an orc priest and an orc.

Vanquished Creatures
  An adder (D:3)
  A dart slug (D:1)
  3 orcs (D:3)
  7 endoplasms
  A giant cockroach (D:1)
  2 goblins (D:1)
  4 hobgoblins
  5 ball pythons
  3 bats
  3 frilled lizards
  A rat (D:2)
31 creatures vanquished.

Notes
Turn   | Place    | Note
-------+----------+-------------------------------------------
     0 | D:1      | a11behringer the Gargoyle Berserker began the quest for the
                  | Orb.
     0 | D:1      | Reached XP level 1. HP: 14/14 MP: 1/1
    72 | D:1      | Reached XP level 2. HP: 17/19 MP: 2/2
   120 | D:1      | Found a faded altar of an unknown god.
   721 | D:2      | Reached XP level 3. HP: 21/23 MP: 3/3
  1427 | D:3      | Found a burning altar of Makhleb.
  1444 | D:3      | Reached skill level 4 in Maces & Flails
  1788 | D:3      | HP: 1/34 [orc priest/divine providence (13)]
  1795 | D:3      | HP: 1/34 [orc/+0 dagger (1)]
  1799 | D:3      | Killed from afar by an orc priest

Illustrated notes

Levels and vault maps discovered:
D:1:      tarquinn_simple_flora_water_d, layout_rooms,
          dreamdust_ecumenical_altar_grove
D:2:      layout_loops_corners
D:3:      layout_loops_ring, amcnicky_altar_gilded, trog_wizard, bloody_makhleb,
          serial_shops, shop_fountains

Skill      XL: |  1  2  3 |
---------------+----------+-----
Maces & Flails | 4 |  4.1
Fighting       | |  3.5
Armour         | |  2.6
Dodging        | |  1.6

Action                   || total
-------------------------++-------
Melee: Mace              ||    79
       Punch             ||     1
       Flail             ||    13
Invok: Berserk           ||     1
Armor: Animal skin       ||    12
       Ring mail         ||    35
Dodge: Dodged            ||    58
Block: Buckler           ||     2

Table legend: (Time is in decaauts)
 A = Elapsed time spent in this place.
 B = Non-inter-level travel time spent in this place.
 C = Inter-level travel time spent in this place.
 D = Time resting spent in this place.
 E = Time spent auto-exploring this place.
 F = Levels seen in this place.
 G = Mean time per level.
                   A        B        C        D        E       F      G
               +--------+--------+--------+--------+--------+-----+--------+
         Total |   1814 |   1662 |    152 |      0 |   1420 |   3 |  604.7 |
       Dungeon |   1814 |   1662 |    152 |      0 |   1420 |   3 |  604.7 |
               +--------+--------+--------+--------+--------+-----+--------+

Top non-repeatable levels by time:
     D:2: 798 daAuts
     D:1: 634 daAuts
     D:3: 380 daAuts
